 Dungeon Crawl Stone Soup version 0.29-a0-97-g88c9fad16d (webtiles) character file.

Game seed: 16177402520552050009

63 Hubjo the Sneak (level 3, -5/26 HPs)
             Began as a Vampire Enchanter on Feb 13, 2022.
             Was a High Priest of Ignis.
             Slain by Crazy Yiuf (9 damage)
             ... while petrified by Crazy Yiuf
             ... on level 2 of the Dungeon.
             The game lasted 00:03:30 (1451 turns).

Hubjo the Sneak (Vampire Enchanter)                 Turns: 1451, Time: 00:03:30

Health: -5/26      AC:  2    Str:  7    XL:     3   Next: 89%
Magic:  6/6        EV:  2    Int: 17    God:    Ignis [*****.]
Gold:   23         SH:  0    Dex: 16    Spells: 6/6 levels left

rFire   + . .      SeeInvis +   a - +1 dagger
rCold   . . .      Faith    .   (no shield)
rNeg    + + +      Spirit   .   b - +0 robe
rPois   ∞          Reflect  .   (no helmet)
rElec   .          Harm     .   (no cloak)
rCorr   .          Rampage  .   (no gloves)
Will    .....                   (no boots)
Stlth   +++.......              h - amulet of magic regeneration
HPRegen 0.28/turn               (no ring)
MPRegen 0.50/turn               (no ring)

@: petrified, healing quickly
A: alive, fangs 3, see invisible, vampiric 2
a: Exsanguinate, Renounce Religion, Fiery Armour, Foxfire Swarm, Rising Flame


You were on level 2 of the Dungeon.
You worshipped Ignis.
Ignis was extremely pleased with you.
You visited 1 branch of the dungeon, and saw 2 of its levels.

You collected 95 gold pieces.
You spent 72 gold pieces at shops.

Inventory:

Hand Weapons
 a - a +1 dagger (weapon)
 o - a +1 dagger of holy wrath
Missiles
 f - 6 curare-tipped darts (quivered)
Armour
 b - a +0 robe (worn)
Jewellery
 h - an amulet of magic regeneration (around neck)
 r - a ring of magical power
Wands
 n - a wand of polymorph (14)
Scrolls
 e - 2 scrolls of magic mapping
 i - a scroll of vulnerability {unknown}
 l - 2 scrolls of fear {unknown}
 m - a scroll of immolation {unknown}
 p - 2 scrolls of identify
 q - a scroll of teleportation
Potions
 c - a potion of invisibility
 d - a potion of might {unknown}
 g - a potion of ambrosia {unknown}
 j - a potion of curing
 k - a potion of attraction {unknown}
 s - a potion of brilliance {unknown}


   Skills:
 * Level 1.4 Fighting
 + Level 1.9 Short Blades
 + Level 2.6 Dodging
 * Level 5.5 Stealth
 - Level 2.0 Spellcasting
 + Level 4.8 Hexes


You had 6 spell levels left.
You didn't know any spells.
Your spell library contained the following spells:

 Spells                   Type           Power      Damage    Failure   Level
 Confusing Touch          Hex            18%        N/A       8%          3
 Tukima's Dance           Hex            18%        N/A       8%          3
 Ensorcelled Hibernation  Hex/Ice        18%        N/A       11%         2
 Dazzling Flash           Conj/Hex       18%        N/A       22%         3


Dungeon Overview and Level Annotations

Branches:
Dungeon (2/15)

Altars:
Ignis

Shops:
D:2 *

Annotations:
D:2 Crazy Yiuf


Innate Abilities, Weirdness & Mutations

Your natural rate of healing is accelerated.
You have razor-sharp teeth.
You have supernaturally acute eyesight. (SInv)
You are afflicted with vampirism and can become a bat while bloodless.


Message History

The adder poisons you! The adder closely misses you.
You hit the adder.
The adder is heavily wounded.
You feel sick. The adder closely misses you.
You hit the adder.
The adder is severely wounded.
You feel sick. The adder closely misses you.
You hit the adder.
The adder is severely wounded.
You feel sick. The adder bites you.
You hit the adder.
You kill the adder!
You feel sick.
You are no longer poisoned.
Found a mace.
Found a runed translucent door.
You open the door.
Crazy Yiuf shouts!
There is an open translucent door here.
Crazy Yiuf says, "Crazy?
Crazy!?
PORCUPINE!"
Crazy Yiuf misses you.
You hit Crazy Yiuf. You punch Crazy Yiuf. Your bite misses Crazy Yiuf.
Crazy Yiuf is lightly wounded.
Crazy Yiuf hits you with a +2 quarterstaff of chaos!
You are slowing down.
You hit Crazy Yiuf but do no damage. You bite Crazy Yiuf.
Crazy Yiuf is moderately wounded.
Crazy Yiuf hits you with a +2 quarterstaff of chaos.
Crazy Yiuf burns you.
Crazy Yiuf hits you with a +2 quarterstaff of chaos!
Your limbs are stiffening.
You hit Crazy Yiuf but do no damage.
Crazy Yiuf is moderately wounded.
Crazy Yiuf grits, "Mountain!
Whiteboard green light."
Crazy Yiuf barely misses you.
You have turned to stone.
Crazy Yiuf grits, "Millenium green leg!"
Crazy Yiuf barely misses you.
Crazy Yiuf hits you with a +2 quarterstaff of chaos!
* * * LOW HITPOINT WARNING * * *
You are electrocuted!!
You die...

#............ #.###.####.## #.#
#.####.## #####.#......
#....#.#..## ###♣♣♣♣♣
##..##.#.... ##.#P.♣.♣♣♣#####
#>.......## ##......♣..♣#...#
########.## #......♣♣♣♣.'@g.#
#.(. ##...#.♣♣ ♣♣#..)# ####
#...##♣♣ ##### # #.### ## #.#
#### #. ###.# ########### ##..#
#. #>..# #.......#.###.#.#### #.
#.#.#####.......#.##.......#####.
#.#...............##)†#.##.#.>...


You could see Crazy Yiuf.

Vanquished Creatures
  Jessica (D:2)
  An adder (D:2)
  An orc (D:2)
  An endoplasm (D:1)
  A giant cockroach (D:1)
  4 hobgoblins
  3 kobolds
  3 quokkas
  A ball python (D:2)
  2 frilled lizards
  5 goblins
  A rat (D:1)
24 creatures vanquished.

Vanquished Creatures (others)
  3 fungi (D:2)
3 creatures vanquished.

Grand Total: 27 creatures vanquished

Notes
Turn   | Place    | Note
-------+----------+-------------------------------------------
     0 | D:1      | Hubjo the Vampire Enchanter began the quest for the Orb.
     0 | D:1      | Reached XP level 1. HP: 13/13 MP: 3/3
   314 | D:1      | Reached XP level 2. HP: 20/20 MP: 5/5
   498 | D:1      | Found a faded altar of an unknown god.
   506 | D:1      | Prayed at the altar of an unknown god.
   506 | D:1      | Became a worshipper of Ignis, the Dying Flame
   866 | D:2      | Reached skill level 5 in Stealth
   922 | D:2      | Noticed Jessica
   924 | D:2      | Killed Jessica
   925 | D:2      | Reached skill level 1 in Fighting
   925 | D:2      | Gained mutation: You are afflicted with vampirism and can
                  | become a bat while bloodless. [Vampire growth]
   925 | D:2      | Reached XP level 3. HP: 26/26 MP: 6/6
   938 | D:2      | Found Gudexkof's Assorted Antiques.
   948 | D:2      | Bought a scroll labelled HOSO RICLOETZ for 24 gold pieces
   948 | D:2      | Bought a scroll labelled LILIRR HYITH for 24 gold pieces
   948 | D:2      | Bought a scroll labelled HOSO RICLOETZ for 24 gold pieces
  1440 | D:2      | Found a runed translucent door.
  1441 | D:2      | Noticed Crazy Yiuf
  1451 | D:2      | Slain by Crazy Yiuf

Illustrated notes

Levels and vault maps discovered:
D:1:      lightli_arrival_isolated_outpost, layout_loops_ring,
          shapermc_ecumenical_altar_acropolis
D:2:      layout_loops_cross, serial_shops, nicolae_square_shop,
          ebering_dispersal_statue_hall, uniq_jessica, uniq_crazy_yiuf_cottage

Skill      XL: |  1  2 |
---------------+-------+-----
Stealth        | 5 |  5.5
Fighting       | 1 |  1.4
Short Blades   | |  1.9
Dodging        | |  2.6
Spellcasting   | |  2.0
Hexes          | |  4.8

Action                   || total
-------------------------++-------
Melee: Dagger            ||    98
       Bite              ||     7
       Punch             ||     2
  Use: Scroll            ||     2
       Potion            ||     1
 Stab: Sleeping          ||    11
       Distracted        ||     1
Armor: Robe              ||    16
Dodge: Dodged            ||    53

Table legend: (Time is in decaauts)
 A = Elapsed time spent in this place.
 B = Non-inter-level travel time spent in this place.
 C = Inter-level travel time spent in this place.
 D = Time resting spent in this place.
 E = Time spent auto-exploring this place.
 F = Levels seen in this place.
 G = Mean time per level.
                   A        B        C        D        E       F      G
               +--------+--------+--------+--------+--------+-----+--------+
         Total |   1458 |   1319 |    139 |      0 |   1061 |   2 |  729.0 |
       Dungeon |   1458 |   1319 |    139 |      0 |   1061 |   2 |  729.0 |
               +--------+--------+--------+--------+--------+-----+--------+

Top non-repeatable levels by time:
     D:2: 789 daAuts
     D:1: 669 daAuts
